 Dungeon Crawl Stone Soup version 0.30-a0-1059-g7dea3e163d (console) character file.

Game seed: 10650406415432608532

1690 grekbar the Basher (level 8, 0/64 (68) HPs)
             Began as a Minotaur Gladiator on Apr 12, 2023.
             Was a Priest of Uskayaw.
             Succumbed to a kobold brigand's curare-tipped dart
             ... on level 7 of the Dungeon.
             The game lasted 01:30:15 (4956 turns).

grekbar the Basher (Minotaur Gladiator)             Turns: 4956, Time: 01:30:16

HP:   0/64 (68)     AC: 15    Str: 30    XL:     8   Next: 72%
MP:   6/6           EV:  9    Int:  3    God:    Uskayaw [***...]
Gold: 235           SH:  0    Dex: 12    Spells: 7/7 levels left

rFire   + . .      SeeInvis .    l - +3 mace (vamp) {yee haw bitch}
rCold   . . .      Faith    .    (no shield)
rNeg    . . .      Spirit   .    D - +0 plate armour
rPois   .          Reflect  .    c - +1 hat
rElec   +          Rampage  .    (no cloak)
rCorr   .                        x - +0 pair of gloves
Will    .....                    (no boots) Stlth
                                 (no amulet)
HPRegen 0.30/turn                r - ring "Qilergh" {rElec rF+ Will- Str+3}
MPRegen 0.10/turn                n - +6 ring of strength

@: lethally poisoned (0 -> -15), slowed, drained, very slow
A: horns 2, retaliatory headbutt, dopey 1, low MP 1, subdued magic 1
a: Renounce Religion, Stomp, Line Pass


You were on level 7 of the Dungeon.
You worshipped Uskayaw.
Uskayaw was noncommittal.
You visited 2 branches of the dungeon, and saw 8 of its levels.

You collected 235 gold pieces.

Inventory:

Hand Weapons
 a - a +1 flail
 b - a +1 dagger of holy wrath
 f - a +0 sling
 k - a +1 mace of draining
 l - a +3 vampiric mace (weapon) {yee haw bitch}
 m - a +0 club
 o - a +0 dagger of draining
 p - a +0 falchion
 t - a +0 short sword
 v - a +0 spear
 w - a +0 whip
 y - a +1 dagger of protection
 z - a +0 broad axe of flaming
 B - a +2 spear
 C - a +1 falchion
 F - a +0 giant club
 G - a +0 long sword
 I - a +1 antimagic whip
 L - a +0 rapier
Missiles
 d - 3 throwing nets (quivered)
 e - a javelin
 j - 14 stones
 s - 6 poisoned darts
Armour
 c - a +1 hat (worn)
 h - a +2 robe of the Archmagi
 i - a +1 scale mail
 u - a +0 robe
 x - a +0 pair of gloves (worn)
 A - +0 acid dragon scales
 D - a +0 plate armour (worn)
Jewellery
 g - a +5 ring of evasion
 n - a +6 ring of strength (right hand)
 r - the ring "Qilergh" (left hand) {rElec rF+ Will- Str+3}
   (You found it on level 5 of the Dungeon)

   [ring of protection from fire]

   Str:       It affects your strength (+3).
   rF:        It protects you from fire.
   rElec:     It insulates you from electricity.
   Will:      It decreases your willpower.
Scrolls
 q - 3 scrolls of identify
 H - a scroll of teleportation
 K - a scroll of poison
Potions
 E - 2 potions of brilliance
 J - a potion of haste


   Skills:
 + Level 5.2 Fighting
 + Level 8.9 Maces & Flails
 + Level 2.2 Throwing
 + Level 7.5 Armour
 + Level 5.0 Dodging
 + Level 2.4 Stealth


You had 7 spell levels left.
You didn't know any spells.
Your spell library contained the following spells:

 Spells                   Type           Power      Damage    Failure   Level
 Summon Guardian Golem    Hex/Summ       0%         N/A       100%        3
 Orb of Destruction       Conj           0%         9d5       100%        7
 Spellforged Servitor     Conj/Summ      0%         N/A       100%        7


Dungeon Overview and Level Annotations

Branches:
Dungeon (7/15)             Temple (1/1) D:6

Altars:
Ashenzari
Elyvilon
Fedhas
Gozag
Kikubaaqudgha
Nemelex Xobeh
Okawaru
Qazlal
Ru
Uskayaw
Vehumet
Wu Jian
Xom
Yredelemnul
Zin
The Shining One

Shops:
D:1 :


Innate Abilities, Weirdness & Mutations

You have a pair of horns on your head.
You reflexively headbutt those who attack you in melee.
You are dopey. (Int -2)
Your magical capacity is low. (-10% MP)
Your spells are a little easier to cast, but a little less powerful.


Message History

The puff of flame hits you. You resist.
You hit something but do no damage.
You feel very sick.
The orc is no longer paralysed.
The kobold is no longer paralysed. x2
Something hits you.
You feel drained.
The kobold throws a stone.
The stone hits you but does no damage.
The kobold brigand throws a curare-tipped dart.
The curare-tipped dart hits you.
You are more poisoned.
You have difficulty breathing.
You feel as though you will be slow longer.
You hear some strange, mumbled words.
A puff of flame appears from out of thin air!
The puff of flame hits you. You resist.
You hear some strange, mumbled words.
Something tries to affect you, but you resist.
Something hits you but does no damage.
You feel very sick.
A magic dart appears from out of thin air!
The magic dart hits you!
You feel very sick.
The kobold brigand throws a curare-tipped dart.
The curare-tipped dart hits you.
You are more poisoned.
You have difficulty breathing.
* * * LOW HITPOINT WARNING * * *
You feel as though you will be slow longer.
You hear some strange, mumbled words.
A puff of flame appears from out of thin air!
The puff of flame hits you. You resist.
* * * LOW HITPOINT WARNING * * *
Something hits you.
* * * LOW HITPOINT WARNING * * *
You feel drained.
Something hits you but does no damage. x2; You feel drained.
* * * LOW HITPOINT WARNING * * *
You feel extremely sick.
The kobold throws a stone.
The stone barely misses you.
You hear some strange, mumbled words.
You die...

... #..##......# ...
#..........# .... ..
.......#.....####....
.
.......#..>#..#.....
.............#.......
.....#.#...........#
...#.####...#.....##
##..#.........##
#......o..@.#
##.K.)...)..#
#....KK)....#
#...............
................#
................#
.##............##
#...##.......... #..#
#......###.


You could see a kobold brigand, an orc and 2 kobolds.

Vanquished Creatures
  Maggie (D:6)
  A hornet (D:6)
  An ice beast (D:4)
  An ogre (D:6)
  A phantom (D:6)
  2 bullfrogs (D:7)
  2 scorpions
  4 wights (D:6)
  A howler monkey (D:6)
  A gnoll bouda (D:5)
  5 hounds
  A sleepcap (D:6)
  Terence (D:2)
  Jessica (D:2)
  An iguana (D:4)
  Robin (D:2)
  5 gnolls (D:5)
  7 adders
  A white imp (D:7)
  A worm (D:4)
  A dart slug (D:1)
  6 orcs
  5 ball pythons
  2 endoplasms (D:2)
  A giant cockroach (D:2)
  12 goblins
  6 hobgoblins
  5 jackals
  3 bats
  A frilled lizard (D:1)
  5 kobolds
  A rat (D:1)
87 creatures vanquished.

Vanquished Creatures (others)
  19 fungi (D:1)
19 creatures vanquished.

Grand Total: 106 creatures vanquished

Notes
Turn   | Place    | Note
-------+----------+-------------------------------------------
     0 | D:1      | grekbar the Minotaur Gladiator began the quest for the Orb.
     0 | D:1      | Reached XP level 1. HP: 18/18 MP: 0/0
    57 | D:1      | Found Irohoc's Book Emporium.
  1123 | D:1      | Reached XP level 2. HP: 25/25 MP: 1/1
  1259 | D:1      | Found a faded altar of an unknown god.
  1374 | D:2      | Reached skill level 4 in Maces & Flails
  1379 | D:2      | Noticed Robin
  1384 | D:2      | Killed Robin
  1385 | D:2      | Reached skill level 1 in Armour
  1390 | D:2      | Reached XP level 3. HP: 28/30 MP: 2/2
  1453 | D:2      | Noticed Jessica
  1476 | D:2      | Killed Jessica
  1477 | D:2      | Reached XP level 4. HP: 13/37 MP: 3/3
  1611 | D:2      | Noticed Terence
  1620 | D:2      | Killed Terence
  1621 | D:2      | Reached skill level 1 in Stealth
  2012 | D:3      | Found a shimmering altar of Xom.
  2026 | D:3      | Became a worshipper of Xom the Tricky
  2112 | D:3      | Gained mutation: You are somewhat resistant to further
                  | mutation. [potion of mutation]
  2182 | D:4      | Reached skill level 5 in Maces & Flails
  2182 | D:4      | Reached XP level 5. HP: 45/45 MP: 4/4
  2183 | D:4      | XOM: silly message
  2198 | D:4      | Noticed an ice beast
  2202 | D:4      | XOM: silly message
  2208 | D:4      | Killed an ice beast
  2307 | D:4      | XOM: silly message
  2409 | D:5      | Entered Level 5 of the Dungeon
  2466 | D:5      | Reached XP level 6. HP: 51/51 MP: 5/5
  2469 | D:5      | Identified the ring "Qilergh" {rElec rF+ Will- Str+3}
  2536 | D:5      | Reached skill level 6 in Maces & Flails
  2723 | D:5      | XOM: silly message
  3238 | D:5      | XOM: cloud trail
  3405 | D:6      | XOM is BORED!
  3407 | D:6      | Reached XP level 7. HP: 53/58 MP: 6/6
  3481 | D:6      | XOM: noise
  3527 | D:6      | Noticed Maggie
  3550 | D:6      | Killed Maggie
  3551 | D:6      | Reached skill level 7 in Maces & Flails
  3551 | D:6      | Reached skill level 5 in Armour
  3650 | D:6      | XOM: smoke on damage
  3665 | D:6      | Reached XP level 8. HP: 35/67 MP: 7/7
  3778 | D:6      | Found a staircase to the Ecumenical Temple.
  3800 | Temple   | Entered the Ecumenical Temple
  3829 | Temple   | Fell from the grace of Xom
  3829 | Temple   | Became a worshipper of Uskayaw the Reveller
  4116 | D:6      | Reached * piety under Uskayaw
  4119 | D:6      | Reached ** piety under Uskayaw
  4182 | D:6      | XOM: give mutations
  4182 | D:6      | Gained mutation: Your magical capacity is low. (-10% MP)
                  | [Xom's mischief]
  4182 | D:6      | Lost mutation: You are somewhat resistant to further
                  | mutation. [Xom's mischief]
  4218 | D:6      | XOM: give mutations
  4218 | D:6      | Gained mutation: Your spells are a little easier to cast,
                  | but a little less powerful. [Xom's mischief]
  4218 | D:6      | Gained mutation: You are dopey. (Int -2) [Xom's mischief]
  4261 | D:6      | Reached skill level 8 in Maces & Flails
  4673 | D:6      | Noticed a hornet
  4679 | D:6      | Killed a hornet
  4680 | D:6      | Reached skill level 5 in Fighting
  4857 | D:7      | Reached skill level 5 in Dodging
  4948 | D:7      | Reached *** piety under Uskayaw
  4956 | D:7      | Succumbed to a kobold brigand's curare-tipped dart

Illustrated notes

Levels and vault maps discovered:
D:1:      minmay_arrival_three_doors, layout_basic, serial_shops,
          nicolae_shop_temple_entry_statues_fountains, shop,
          nicolae_lakefront_shop, hellmonk_ecumenical_altar_crossroads,
          dreamdust_mushroom_princess
D:2:      layout_basic, serial_shops, shop, hangedman_decor_clover_reticule,
          item_on_display_a, uniq_jessica, uniq_robin, uniq_terence
D:3:      layout_basic, slow_altar_2, general_overflow_altar,
          mainiacjoe_overflow_boulevard
D:4:      layout_loops_corners, uniq_edmund, uniq_menkaure, uniq_sigmund
D:5:      layout_basic, dk_noncrumbling_4
D:6:      layout_loops_ring, minmay_temple_entry_arrows, palyth_stone_intersect,
          uniq_maggie
D:7:      layout_cave_pools, led_sif_book, corexii_corridor_pit
Temple:   regret_index_temple_generic_petals

Skill      XL: |  1  2  3  4  5  6  7  8 |
---------------+-------------------------+-----
Maces & Flails | 4 5 6 7 8 |  8.9
Armour         | 1 2 3 4 5 7 |  7.5
Stealth        | 1 2 |  2.4
Fighting       | 3 4 5 |  5.2
Dodging        | 4 5 |  5.0
Throwing       | |  2.2

Action                     |  1- 3 |  4- 6 |  7- 9 || total
---------------------------+-------+-------+-------++-------
  Melee: Flail             |   121 |     9 |       ||   130
         Headbutt          |    28 |    12 |    13 ||    53
         Mace              |       |    64 |    82 ||   146
         Punch             |       |     1 |     1 ||     2
    Use: Scroll            |     3 |     6 |     4 ||    13
         Potion            |     2 |     2 |     1 ||     5
   Stab: Paralysed         |       |       |     3 ||     3
 Armour: Leather armour    |     4 |       |       ||     4
         Scale mail        |    10 |    15 |     1 ||    26
         Acid dragon scale |       |       |     6 ||     6
         Plate armour      |       |       |    34 ||    34
  Dodge: Dodged            |    39 |    60 |    44 ||   143

Table legend: (Time is in decaauts)
 A = Elapsed time spent in this place.
 B = Non-inter-level travel time spent in this place.
 C = Inter-level travel time spent in this place.
 D = Time resting spent in this place.
 E = Time spent auto-exploring this place.
 F = Levels seen in this place.
 G = Mean time per level.
                   A        B        C        D        E       F      G
               +--------+--------+--------+--------+--------+-----+--------+
         Total |   5001 |   4971 |     30 |   1739 |   1036 |   8 |  625.1 |
       Dungeon |   4704 |   4674 |     30 |   1739 |    874 |   7 |  672.0 |
        Temple |    296 |    296 |      0 |      0 |    162 |   1 |  296.0 |
               +--------+--------+--------+--------+--------+-----+--------+

Top non-repeatable levels by time:
     D:1: 1373 daAuts
     D:6: 1172 daAuts
     D:5: 983 daAuts
     D:2: 563 daAuts
  Temple: 296 daAuts
     D:4: 254 daAuts
     D:3: 247 daAuts
     D:7: 110 daAuts
